 Dungeon Crawl Stone Soup version 0.28.0 (webtiles) character file.

Game seed: 2205721644001162402

6 belegose the Skirmisher (level 1, 0/18 HPs)
             Began as a Demonspawn Abyssal Knight on Feb 7, 2022.
             Was an Initiate of Lugonu.
             Constricted to death by a ball python (1 damage)
             ... on level 1 of the Dungeon.
             The game lasted 00:01:31 (441 turns).

belegose the Skirmisher (Demonspawn Abyssal Knight)  Turns: 441, Time: 00:01:32

Health: 0/18       AC:  3    Str: 13    XL:     1   Next: 75%
Magic:  2/2        EV:  8    Int: 11    God:    Lugonu [......]
Gold:   40         SH:  0    Dex: 13    Spells: 0/0 levels left

rFire   . . .      SeeInvis .   a - +1 falchion
rCold   . . .      Faith    .   (no shield)
rNeg    . . .      Spirit   .   b - +0 leather armour
rPois   .          Reflect  .   (no helmet)
rElec   .          Harm     .   (no cloak)
rCorr   .          Rampage  .   (no gloves)
Will    .....                   (no boots)
Stlth   +.........              (no amulet)
HPRegen 0.06/turn               (no ring)
MPRegen 0.08/turn               (no ring)

@: constricted
A: no striking features
a: Renounce Religion


You were on level 1 of the Dungeon.
You worshipped Lugonu.
Lugonu was noncommittal.
You visited 1 branch of the dungeon, and saw 1 of its levels.
You visited the Abyss 1 time.

You collected 40 gold pieces.

Inventory:

Hand Weapons
 a - a +1 falchion (weapon)
Missiles
 c - 5 poisoned darts
 d - 19 sling bullets
Armour
 b - a +0 leather armour (worn)
Jewellery
 e - a +4 ring of evasion
Potions
 f - a potion of heal wounds {unknown}
 g - a potion of mutation {unknown}


   Skills:
 + Level 3.1 Fighting
 + Level 1.9 Long Blades
 - Level 1.7 Armour
 + Level 1.0 Dodging
 + Level 2.6 Invocations


You couldn't memorise any spells.
You didn't know any spells.
Your spell library was empty.

Dungeon Overview and Level Annotations

Branches:
Dungeon (1/15)

Altars:


Message History

You closely miss the jackal.
The jackal is severely wounded.
The jackal bites you. x2
You closely miss the jackal.
The jackal is severely wounded.
The jackal bites you but does no damage.
You closely miss the jackal. Your punch misses the jackal.
The jackal is severely wounded.
The jackal bites you. x2
You barely miss the jackal.
The jackal is severely wounded.
The jackal bites you but does no damage.
The jackal closely misses you.
You hit the jackal.
You kill the jackal!
Lugonu accepts your kill. The ball python closely misses you.
The ball python barely misses you.
You barely miss the ball python. The ball python barely misses you.
The ball python misses you.
You hit the ball python.
The ball python is severely wounded.
The ball python closely misses you. The ball python grabs you.
The ball python constricts you. The ball python bites you.
* * * LOW HITPOINT WARNING * * *
The ball python constricts you.
* * * LOW HITPOINT WARNING * * *
You barely miss the ball python.
The ball python is severely wounded.
The ball python barely misses you. The ball python constricts you.
* * * LOW HITPOINT WARNING * * *
You closely miss the ball python.
The ball python is heavily wounded.
The ball python bites you but does no damage.
The ball python constricts you.
You closely miss the ball python.
The ball python is moderately wounded.
The ball python bites you.
* * * LOW HITPOINT WARNING * * *
The ball python constricts you.
You die...

... .h #.# .
>.# .####
#### #..
..... .... #
#.#.... ###
#.##.#..####
#...hh......
# #S# # #
#@##.#### ##
#........ #.
##.###.###
#. #.## # #.
#.# .# #.
#.## #.# #.
##.###.# #.
##...# #.
##.## ##


You could see 2 jackals and a ball python.

Vanquished Creatures
  A ball python (D:1)
  A hobgoblin (D:1)
  A jackal (D:1)
  A quokka (D:1)
  A bat (D:1)
5 creatures vanquished.

Notes
Turn   | Place    | Note
-------+----------+-------------------------------------------
     0 | Abyss:1  | belegose the Demonspawn Abyssal Knight began the quest for
                  | the Orb.
     0 | Abyss:1  | Reached XP level 1. HP: 18/18 MP: 2/2
   110 | Abyss:1  | Noticed a wraith
   111 | Abyss:1  | Noticed a tentacled starspawn
   112 | D:1      | Escaped the Abyss
   430 | D:1      | Reached skill level 1 in Dodging
   441 | D:1      | Constricted to death by a ball python

Illustrated notes

Levels and vault maps discovered:
D:1:      dpeg_arrival_round_a, layout_loops_cross

Skill      XL: |  1 |
---------------+----+-----
Dodging        | 1 |  1.0
Fighting       | |  3.1
Long Blades    | |  1.9
Armour         | |  1.7
Invocations    | |  2.6

Action                   || total
-------------------------++-------
Melee: Falchion          ||    24
Invok: Depart the Abyss  ||     1
Armor: Leather armour    ||     8
Dodge: Dodged            ||    18
